 Dungeon Crawl Stone Soup version 0.27-a0-1272-g7c8ad2e407 (webtiles) character file.

Game seed: 8422681102814430464

15087 DeathSun the Basher (level 12, 0/77 HPs)
             Began as a Gargoyle Fighter on June 11, 2021.
             Was a Priest of Qazlal.
             Hit by a large rock thrown by a cyclops (23 damage)
             ... on level 11 of the Dungeon.
             The game lasted 00:44:27 (20110 turns).

DeathSun the Basher (Gargoyle Fighter)             Turns: 20110, Time: 00:44:27

Health: 0/77       AC: 25    Str: 30    XL:     12   Next: 23%
Magic:  19/19      EV:  5    Int: 10    God:    Qazlal [***...]
Gold:   467        SH: 14    Dex:  9    Spells: 11/11 levels left

rFire    x . .     SeeInvis .   a - +0 flail (protect)
rCold    + . .     Faith    .   c - +0 kite shield
rNeg     + . .     Spirit   .   F - +0 plate armour
rPois    ∞         Reflect  .   y - +0 helmet
rElec    +         Harm     .   r - +0 cloak
rCorr    .         Rampage  .   A - +0 pair of gloves
Will     .....                  N - +0 pair of boots
Stlth    ..........             (no amulet)
HPRegen  0.22/turn              I - +6 ring of strength
MPRegen  0.16/turn              B - ring of ice

@: no status effects
A: sickness immunity, AC +8, negative energy resistance 1, electricity
resistance, torment resistance 1, petrification resistance
a: Renounce Religion, Upheaval, Elemental Force


You were on level 11 of the Dungeon.
You worshipped Qazlal.
Qazlal was most pleased with you.
You visited 2 branches of the dungeon, and saw 12 of its levels.

You collected 743 gold pieces.
You spent 276 gold pieces at shops.

Inventory:

Hand Weapons
 a - a +0 flail of protection (weapon)
Missiles
 s - 6 curare-tipped darts (quivered)
Armour
 b - a +0 scale mail
 c - a +0 kite shield (worn)
 r - a +0 cloak (worn)
 y - a +0 helmet (worn)
 A - a +0 pair of gloves (worn)
 F - a +0 plate armour (worn)
 N - a +0 pair of boots (worn)
Jewellery
 B - a ring of ice (right hand)
 I - a +6 ring of strength (left hand)
 K - a +4 ring of slaying
 O - a ring of ice
 R - a +4 ring of protection
 S - an amulet of magic regeneration
Wands
 n - a wand of flame (20)
 z - a wand of mindburst (9)
 L - a wand of polymorph (9)
 P - a wand of charming (11)
 Q - a wand of iceblast (17)
Scrolls
 e - a scroll of amnesia {unknown}
 f - 4 scrolls of fog
 g - 5 scrolls of enchant armour
 h - 3 scrolls of noise {unknown}
 i - a scroll of summoning {unknown}
 k - 3 scrolls of vulnerability
 m - 2 scrolls of fear
 o - 3 scrolls of enchant weapon
 p - 2 scrolls of silence
 u - a scroll of brand weapon
 w - 5 scrolls of teleportation
 x - a scroll of blinking {unknown}
 D - 2 scrolls of immolation
 H - a scroll of torment {unknown}
Potions
 d - 4 potions of heal wounds
 j - a potion of attraction
 l - a potion of curing {unknown}
 q - a potion of brilliance {unknown}
 t - a potion of cancellation {unknown}
 v - 2 potions of magic {unknown}
 C - a potion of mutation {unknown}
 E - 2 potions of degeneration {unknown}
 G - 2 potions of ambrosia {unknown}
 J - 2 potions of flight {unknown}
 M - a potion of might


   Skills:
 + Level 9.8 Fighting
 * Level 13.9 Maces & Flails
 - Level 3.0 Throwing
 - Level 5.0 Armour
 - Level 3.2 Shields
 - Level 10.0 Invocations


You had 11 spell levels left.
You didn't know any spells.
Your spell library contained the following spells:

 Spells                   Type           Power      Damage    Failure   Level
 Animate Skeleton         Necr           0%         N/A       100%        1
 Apportation              Tloc           0%         N/A       100%        1
 Corona                   Hex            0%         N/A       100%        1
 Magic Dart               Conj           0%         1d3       100%        1
 Summon Small Mammal      Summ           0%         N/A       100%        1
 Searing Ray              Conj           0%         3d3       100%        2
 Dazzling Flash           Conj/Hex       0%         N/A       100%        3
 Fulminant Prism          Conj/Hex       0%         3d6       100%        4
 Iskenderun's Mystic Bla  Conj/Tloc      0%         2d3       100%        4


Dungeon Overview and Level Annotations

Branches:
Dungeon (11/15)            Temple (0/1) D:6            Lair (1/6) D:10
    Orc: D:9-12

Altars:
Cheibriados
Dithmenos
Elyvilon
Hepliaklqana
Kikubaaqudgha
Nemelex Xobeh
Qazlal
Ru
Uskayaw
Vehumet
Yredelemnul
Zin
The Shining One

Shops:
D:2 *   D:4 *   D:6 [   D:8 ?

Annotations:
D:3 2 transporters


Innate Abilities, Weirdness & Mutations

You are immune to sickness and miasma.
Your stone body is resilient. (AC +8)
You are immune to poison.
You resist negative energy. (rN+)
You are resistant to electric shocks. (rElec)
You are resistant to unholy torment.
You are immune to petrification.


Message History

You miss the meliai.
The meliai is severely wounded.
The meliai hits you with a +0 war axe. You block the meliai's attack. x2
The meliai stings you but does no damage.
You hit the meliai.
The meliai is severely wounded.
The meliai hits you but does no damage. You block the meliai's attack.
The meliai mumbles some strange prayers to its god against you.
Something smites you!
You completely miss the meliai.
The meliai is severely wounded.
The meliai hits you but does no damage. You block the meliai's attack. x2
The meliai stings you but does no damage.
You hit the meliai.
The meliai is severely wounded.
You block the meliai's attack. x2
The meliai mumbles some strange prayers to its god against you.
Something smites you!
* * * LOW HITPOINT WARNING * * *
Unknown command.
Your shield and plate armour prevent you from hitting the meliai.
The meliai is severely wounded.
The meliai hits you but does no damage. The meliai barely misses you.
You block the meliai's attack.
The meliai stings you but does no damage.
Unknown command.
You sock the meliai!
You kill the meliai!
Qazlal accepts your kill.
Unknown command.
Found 25 gold pieces.
You now have 467 gold pieces (gained 12).
Things that are here:
a +0 war axe; a +0 leather armour; a meliai corpse You start resting.
You hear a shout!
You hear a bellow!
You hear a shout!
A cyclops comes into view.
The cyclops throws a large rock.
The large rock hits you!!
You die...

## #. ... # ..#..... ..
..#.# #...# #.......
#.##.##.#.## #.#. ###
#.#..... ............
... .... ........
#.........#.# #.# #...
......(.
...#.#.#..#.####.#...#
##..#.#
.................#..#
##....
...#.#.#...........# .#
##...
.............###@###..#
####
...#.#.#..##.#..#)...#
.............#$.$.$.##
##.#.#....#..##$#$#.#
.....#.......#$.$.$.#
#.#..#....#..#.$#$. C
.....#......##..####..
#.#..#.#...##... ..
..........#### #.#


You could see a cyclops.

Vanquished Creatures
  Fannar (D:10)
  2 two-headed ogres
  A death yak (D:9)
  Nergalle (D:11)
  A skeletal warrior (D:11)
  A cane toad (Lair:1)
  Psyche (D:11)
  2 unseen horrors (D:10)
  2 kobold demonologists (D:11)
  A hornet (D:9)
  A meliai (D:11)
  3 trolls
  A meliai zombie (D:10)
  2 shadows (D:9)
  A wraith (D:11)
  A vampire (D:10)
  9 yaks (D:11)
  A wyvern (D:7)
  7 vampire mosquitoes
  2 steam dragons (D:7)
  Menkaure (D:7)
  2 water moccasins
  An orc warrior (D:7)
  A black bear (D:5)
  A hornet zombie (D:8)
  4 sky beasts
  9 ogres
  A necrophage (D:5)
  5 centaurs
  8 kobold brigands
  A phantom (D:5)
  5 bullfrogs
  A wyvern zombie (D:7)
  A scorpion (D:5)
  9 killer bees
  A howler monkey (D:5)
  2 electric eels (D:8)
  6 centaur zombies
  3 bullfrog zombies
  A jelly (D:7)
  A gnoll shaman (D:7)
  2 bullfrog skeletons
  2 centaur skeletons
  An iron imp (D:5)
  2 iguanas
  2 orc wizards
  2 hell rats (D:10)
  A killer bee zombie (D:9)
  A hound zombie (D:5)
  2 hound skeletons
  A howler monkey skeleton (D:6)
  11 gnolls
  A river rat (D:10)
  5 adders
  An adder zombie (D:5)
  A worm (D:4)
  5 dart slugs
  8 orcs
  4 ball pythons
  8 bats
  3 endoplasms
  6 giant cockroaches
  7 goblins
  11 hobgoblins
  2 jackals (D:1)
  31 kobolds
  9 quokkas
  12 frilled lizards
  9 rats
255 creatures vanquished.

Notes
Turn   | Place    | Note
-------+----------+-------------------------------------------
     0 | D:1      | DeathSun the Gargoyle Fighter began the quest for the Orb.
     0 | D:1      | Reached XP level 1. HP: 14/14 MP: 1/1
   435 | D:1      | Reached XP level 2. HP: 19/19 MP: 2/2
   605 | D:1      | Reached skill level 3 in Maces & Flails
  1077 | D:1      | Reached XP level 3. HP: 23/23 MP: 3/3
  1473 | D:2      | Found Zualazup's Assorted Antiques.
  2061 | D:2      | Reached skill level 4 in Maces & Flails
  2707 | D:2      | Reached XP level 4. HP: 24/28 MP: 4/4
  3197 | D:3      | Found a basalt altar of Yredelemnul.
  3198 | D:3      | Found a sparkling altar of Nemelex Xobeh.
  3201 | D:3      | Found a transporter.
  3202 | D:3      | Noticed an ogre
  3207 | D:3      | Found a transporter.
  3584 | D:3      | Reached XP level 5. HP: 20/33 MP: 5/5
  4236 | D:3      | Reached skill level 5 in Maces & Flails
  5204 | D:4      | Found a hazy altar of Hepliaklqana.
  5206 | D:4      | Found a shadowy altar of Dithmenos.
  5206 | D:4      | Noticed a shadow
  5255 | D:4      | Reached XP level 6. HP: 38/38 MP: 6/6
  5706 | D:4      | Found Zin's Purification Station.
  5719 | D:4      | Found a glowing silver altar of Zin.
  5808 | D:4      | Found a stormy altar of Qazlal.
  5818 | D:4      | Became a worshipper of Qazlal Stormbringer
  5907 | D:4      | Identified the +0 robe of Apergh {Dex+4 Stlth+}
  6094 | D:5      | Entered Level 5 of the Dungeon
  6122 | D:5      | Reached skill level 1 in Throwing
  6276 | D:5      | Found a hide-covered altar of Uskayaw.
  6290 | D:5      | Noticed a water moccasin
  6304 | D:5      | Killed a water moccasin
  6305 | D:5      | Reached skill level 1 in Invocations
  6344 | D:5      | Reached skill level 6 in Maces & Flails
  6344 | D:5      | Reached XP level 7. HP: 32/44 MP: 7/7
  6749 | D:5      | Reached skill level 5 in Fighting
  6773 | D:5      | Found a snail-covered altar of Cheibriados.
  7017 | D:4      | Found a glowing golden altar of the Shining One.
  7017 | D:4      | Found an ancient bone altar of Kikubaaqudgha.
  7020 | D:4      | Found a radiant altar of Vehumet.
  7071 | D:5      | Reached skill level 7 in Maces & Flails
  7071 | D:5      | Reached XP level 8. HP: 49/49 MP: 8/10
  7581 | D:5      | Reached * piety under Qazlal
  7901 | D:5      | Reached skill level 8 in Maces & Flails
  8254 | D:6      | Found a staircase to the Ecumenical Temple.
  8541 | D:6      | Found Qonedwiw's Armour Boutique.
  9067 | D:6      | Reached skill level 5 in Invocations
  9067 | D:6      | Reached XP level 9. HP: 53/54 MP: 12/12
  9143 | D:7      | Reached skill level 9 in Maces & Flails
  9466 | D:7      | HP: 2/54 [something/ball of steam (15)]
 10063 | D:7      | Noticed Menkaure
 10069 | D:7      | Killed Menkaure
 10070 | D:7      | Reached skill level 10 in Maces & Flails
 10823 | D:7      | Noticed a troll
 10851 | D:7      | Killed a troll
 11136 | D:7      | Reached ** piety under Qazlal
 11321 | D:8      | Found a sacrificial altar of Ru.
 11346 | D:8      | Found Urchei Usyf's Magic Scroll Shoppe.
 11356 | D:8      | Bought a scroll of brand weapon for 240 gold pieces
 11356 | D:8      | Bought a scroll of teleportation for 36 gold pieces
 11521 | D:8      | Reached XP level 10. HP: 43/61 MP: 13/13
 11697 | D:7      | Reached skill level 11 in Maces & Flails
 12219 | D:8      | Reached skill level 5 in Armour
 13956 | D:10     | Entered Level 10 of the Dungeon
 14005 | D:10     | Found a white marble altar of Elyvilon.
 14107 | D:10     | Killed an unseen horror
 14107 | D:10     | Reached *** piety under Qazlal
 14275 | D:10     | Found a staircase to the Lair.
 14278 | D:10     | Noticed a death yak
 14280 | D:10     | Noticed a death yak
 14280 | D:10     | Noticed a death yak
 14374 | D:10     | Reached skill level 12 in Maces & Flails
 14413 | D:10     | Killed an unseen horror
 14441 | D:10     | Noticed a two-headed ogre
 14941 | D:10     | Noticed Fannar
 16094 | D:11     | Noticed Nergalle
 16694 | D:9      | Killed a death yak
 16695 | D:9      | Reached XP level 11. HP: 68/68 MP: 16/16
 17158 | Lair:1   | Entered Level 1 of the Lair of Beasts
 17184 | D:10     | Killed a two-headed ogre
 17966 | D:10     | Killed Fannar
 18623 | D:11     | Killed Nergalle
 18624 | D:11     | Reached skill level 13 in Maces & Flails
 18734 | D:11     | Noticed Psyche
 18740 | D:11     | Killed Psyche
 18932 | D:11     | Noticed a soul eater
 19326 | D:11     | Reached XP level 12. HP: 60/76 MP: 19/19
 19339 | D:11     | Reached skill level 10 in Invocations
 19421 | D:11     | Noticed a two-headed ogre
 19502 | D:11     | Killed a two-headed ogre
 20110 | D:11     | Hit by a large rock thrown by a cyclops

Illustrated notes

Levels and vault maps discovered:
D:1:      grunt_arrival_crossed_arrows, layout_basic
D:2:      layout_loops_corners, serial_shops, nicolae_shop_statue_plus,
          minmay_lizard_pond
D:3:      layout_loops_corners, gammafunk_temple_overflow_arena,
          minmay_misc_feat_more_columns
D:4:      layout_cave_pools, riverfiend_overflow_shadow_ancestor,
          overflow_temple_1_default, zin_purify, nicolae_overflow_hidden_temple
D:5:      layout_basic, chei_slow_surprise, nicolae_uskayaw_dance_hall,
          hex_medium, minmay_joined_circles
D:6:      layout_rooms, minmay_temple_entry_arrows, serial_shops, shop_statue
D:7:      minmay_spotlight, layout_basic, uniq_menkaure
D:8:      layout_cave_pools, nicolae_ru_awakened_eye, serial_shops, shop,
          minmay_misc_feat_rugged, kennysheep_flooded_box
D:9:      layout_irregular_city, st_stairs_12
D:10:     lemuel_ogre_cave, layout_basic, overflow_temple_1_default,
          dpeg_lair_monsters, uniq_fannar
D:11:     minmay_the_grid_octo_tiled_squarecenter_mashed
          [minmay_the_grid_octo_fan_narrow, minmay_the_grid_octo_empty,
          minmay_the_grid_octo_toaster, minmay_the_grid_octo_77,
          minmay_the_grid_square_5x5_megaprize_hollow,
          minmay_the_grid_square_5x5_half_checkered,
          minmay_the_grid_square_5x5_trominoes,
          minmay_the_grid_square_5x5_eight,
          minmay_the_grid_square_5x5_moneybag], layout_basic,
          serial_co_window_serial, co_window_paths_b, co_window_paths_a,
          co_window_paths_a, co_window_paths_a, co_window_corner_a,
          co_window_of_opportunity_b, co_window_2corner,
          co_window_of_opportunity_b, co_window_paths_d, glass_columns_b,
          glass_columns_b, glass_columns_b, glass_columns_a,
          nemelex_lonely_heart_becter, uniq_psyche, uniq_nergalle
Lair:1:   layout_regular_city, roderic_batcave, minivault_19,
          chequers_serial_rivers_large_a, nicolae_quartered_pool_medium,
          beast_lair_carwin_9

Skill      XL: |  1  2  3  4  5  6  7  8  9 10 11 12 |
---------------+-------------------------------------+-----
Maces & Flails | 3 4 5 6 7 8 10 12 13 | 13.9
Fighting       | 4 5 6 8 9 |  9.8
Throwing       | 1 3 |  3.0
Invocations    | 1 2 5 7 9 10 | 10.0
Armour         | 4 5 |  5.0
Shields        | |  3.2

Action                   |  1- 3 |  4- 6 |  7- 9 | 10-12 || total
-------------------------+-------+-------+-------+-------++-------
Melee: Flail             |   162 |   243 |   315 |   704 ||  1424
Throw: Dart              |       |       |    16 |    15 ||    31
Invok: Upheaval          |       |       |       |     4 ||     4
Evoke: Wand              |       |       |     1 |     5 ||     6
  Use: Scroll            |       |     5 |     3 |     3 ||    11
       Potion            |       |     3 |     1 |       ||     4
 Stab: Invisible         |       |       |     1 |       ||     1
Armor: Scale mail        |    88 |   136 |   148 |       ||   372
       Plate armour      |       |       |    82 |   494 ||   576
Dodge: Dodged            |    63 |    64 |    86 |   129 ||   342
Block: Kite shield       |    93 |   149 |   194 |   460 ||   896

Table legend: (Time is in decaauts)
 A = Elapsed time spent in this place.
 B = Non-inter-level travel time spent in this place.
 C = Inter-level travel time spent in this place.
 D = Time resting spent in this place.
 E = Time spent auto-exploring this place.
 F = Levels seen in this place.
 G = Mean time per level.
                   A        B        C        D        E       F      G
               +--------+--------+--------+--------+--------+-----+--------+
         Total |  20409 |  19639 |    770 |   7799 |   7305 |  12 | 1700.8 |
       Dungeon |  20394 |  19624 |    770 |   7799 |   7305 |  11 | 1854.0 |
          Lair |     14 |     14 |      0 |      0 |      0 |   1 |   14.0 |
               +--------+--------+--------+--------+--------+-----+--------+

Top non-repeatable levels by time:
    D:11: 2844 daAuts
    D:10: 2484 daAuts
     D:5: 2196 daAuts
     D:9: 2024 daAuts
     D:7: 2012 daAuts
     D:3: 1752 daAuts
     D:2: 1731 daAuts
     D:1: 1650 daAuts
     D:8: 1428 daAuts
     D:4: 1202 daAuts
     D:6: 1065 daAuts
  Lair:1: 14 daAuts
